 Dungeon Crawl Stone Soup version 0.28-a0-1510-gd0f6b136d3 (webtiles) character file.

Game seed: 12465882253130532676

6 Hasart the Insei (level 1, 0/16 HPs)
             Began as a Demigod Transmuter on Jan 14, 2022.
             Slain by a goblin (2 damage)
             ... on level 1 of the Dungeon.
             The game lasted 00:00:54 (280 turns).

Hasart the Insei (Demigod Transmuter)                Turns: 280, Time: 00:00:54

Health: 0/16       AC:  2    Str: 11    XL:     1   Next: 60%
Magic:  5/5        EV: 12    Int: 15    God:
Gold:   26         SH:  0    Dex: 14    Spells: 2/3 levels left

rFire   . . .      SeeInvis .     - Unarmed
rCold   . . .      Faith    .   (no shield)
rNeg    . . .      Spirit   .   a - +0 robe
rPois   .          Reflect  .   (no helmet)
rElec   .          Harm     .   (no cloak)
rCorr   .          Rampage  .   (no gloves)
Will    .....                   (no boots)
Stlth   +.........              (no amulet)
HPRegen 0.05/turn               (no ring)
MPRegen 0.09/turn               (no ring)

@: no status effects
A: high mp 1, forlorn, divine attributes
a: no special abilities


You were on level 1 of the Dungeon.
You visited 1 branch of the dungeon, and saw 1 of its levels.

You collected 26 gold pieces.

Inventory:

Armour
 a - a +0 robe (worn)
 c - a +0 helmet
Potions
 b - a potion of heal wounds {unknown}


   Skills:
 + Level 1.0 Fighting
 + Level 1.8 Dodging
 * Level 2.8 Unarmed Combat
 + Level 1.8 Spellcasting
 + Level 1.9 Transmutations


You had 2 spell levels left.
You knew the following spells:

 Your Spells              Type           Power      Damage    Failure   Level
a - Beastly Appendage     Tmut           14%        N/A       11%         1

Your spell library contained the following spells:

 Spells                   Type           Power      Damage    Failure   Level
 Wereblood                Tmut           7%         N/A       16%         2
 Spider Form              Tmut/Pois      4%         N/A       43%         3
 Ice Form                 Ice/Tmut       4%         N/A       83%         4


Dungeon Overview and Level Annotations

Branches:
Dungeon (1/15)


Innate Abilities, Weirdness & Mutations

You have an increased reservoir of magic. (+10% MP)
You shall have no god before yourself.
Your divine heritage dramatically boosts your attributes as you level up.


Message History

c - a +0 helmet A hobgoblin comes into view.
The hobgoblin shouts!
The goblin misses you.
You completely miss the goblin. The goblin closely misses you.
You closely miss the goblin. The goblin closely misses you.
You barely miss the goblin. Your punch misses the goblin.
The goblin hits you with a +0 dagger.
You hit the goblin.
The goblin is moderately wounded.
The goblin hits you but does no damage. The hobgoblin misses you.
The goblin hits you with a +0 dagger. The hobgoblin closely misses you.
The goblin hits you but does no damage. The hobgoblin barely misses you.
The goblin closely misses you.
A giant cockroach comes into view.
The hobgoblin hits you. The goblin hits you with a +0 dagger.
The hobgoblin hits you. The goblin hits you with a +0 dagger.
The hobgoblin closely misses you. The goblin hits you with a +0 dagger.
The hobgoblin misses you. The goblin barely misses you.
The hobgoblin closely misses you. The goblin misses you.
The hobgoblin barely misses you. The goblin hits you but does no damage.
The giant cockroach bites you but does no damage.
The hobgoblin hits you but does no damage.
The giant cockroach closely misses you. The goblin hits you but does no damage.
The hobgoblin barely misses you. The giant cockroach closely misses you.
The goblin barely misses you. The hobgoblin barely misses you.
The giant cockroach barely misses you. The goblin hits you with a +0 dagger.
* * * LOW HITPOINT WARNING * * *
The hobgoblin barely misses you. The giant cockroach barely misses you.
The goblin hits you with a +0 dagger.
* * * LOW HITPOINT WARNING * * *
The giant cockroach bites you but does no damage.
The hobgoblin closely misses you. The goblin misses you.
The giant cockroach bites you but does no damage.
The hobgoblin hits you but does no damage.
The giant cockroach misses you. The goblin hits you with a +0 dagger.
You die...

... #####..
##.(...###
#........#
#........#
##........#
####....gB...#
....>...@....##
####...g.....##
..##.............
#...............#.#
####......#..##...
#....###........#
...#.##..†...###.#
###...##..........#
..
.................##


You could see a giant cockroach, a hobgoblin and a goblin.

Vanquished Creatures
  A giant cockroach (D:1)
  A hobgoblin (D:1)
  A kobold (D:1)
  A ball python (D:1)
  A frilled lizard (D:1)
  A rat (D:1)
6 creatures vanquished.

Notes
Turn   | Place    | Note
-------+----------+-------------------------------------------
     0 | D:1      | Hasart the Demigod Transmuter began the quest for the Orb.
     0 | D:1      | Reached XP level 1. HP: 15/15 MP: 5/5
   152 | D:1      | Reached skill level 1 in Fighting
   280 | D:1      | Slain by a goblin

Illustrated notes

Levels and vault maps discovered:
D:1:      dpeg_arrival_pond, layout_rooms, chequers_ecumenical_altar_grove,
          minmay_ruptured

Skill      XL: |  1 |
---------------+----+-----
Fighting       | 1 |  1.0
Dodging        | |  1.8
Unarmed Combat | |  2.8
Spellcasting   | |  1.8
Transmutations | |  1.9

Action                   || total
-------------------------++-------
Melee: Unarmed           ||    24
Armor: Robe              ||     9
Dodge: Dodged            ||    39

Table legend: (Time is in decaauts)
 A = Elapsed time spent in this place.
 B = Non-inter-level travel time spent in this place.
 C = Inter-level travel time spent in this place.
 D = Time resting spent in this place.
 E = Time spent auto-exploring this place.
 F = Levels seen in this place.
 G = Mean time per level.
                   A        B        C        D        E       F      G
               +--------+--------+--------+--------+--------+-----+--------+
         Total |    278 |    278 |      0 |      0 |    214 |   1 |  278.0 |
       Dungeon |    278 |    278 |      0 |      0 |    214 |   1 |  278.0 |
               +--------+--------+--------+--------+--------+-----+--------+

Top non-repeatable levels by time:
     D:1: 278 daAuts
